 Dungeon Crawl Stone Soup version 0.27-a0-223-ge082b6e869 (webtiles) character file.

Game seed: 15272302473980123223

9867 iamserjio the Grappler (level 11, -18/107 HPs)
             Began as a Troll Hedge Wizard on Feb 1, 2021.
             Was an Elder of Cheibriados.
             Demolished by a minotaur
             ... wielding a +3 hand axe of freezing
              (32 damage)
             ... in a Gauntlet.
             The game lasted 00:37:27 (3054 turns).

iamserjio the Grappler (Troll Hedge Wizard)         Turns: 3054, Time: 00:37:28

Health: -18/107    AC: 15    Str: 36    XL:     11   Next: 28%
Magic:  14/14      EV:  8    Int: 23    God:    Cheibriados [****..]
Gold:   1455       SH: 22    Dex: 24    Spells: 9/16 levels left

rFire    + + .     SeeInvis .     - Unarmed
rCold    + . .     Faith    .   y - +2 tower shield {AC+3}
rNeg     + . .     Spirit   .   B - +0 steam dragon scales
rPois    +         Reflect  .   w - +3 hat of Ehoestrikhli {*Drain rPois rF++ rN+}
rElec    +         Harm     .   (no cloak)
rCorr    .         Rampage  .   (gloves unavailable)
Will     .....     NoTele   +   (boots unavailable)
Stlth    ++........             i - amulet of magic regeneration (curse)
HPRegen  0.67/turn              g - ring of Emmyu {rElec rC+ Will- Dex+5}
MPRegen  0.39/turn              s - +6 ring of strength

@: very slow
A: large, unfitting armour, claws 3, talons 1, strong-willed 1, regeneration 1,
shaggy fur 1, tough skin 3
a: Renounce Religion, Bend Time, Temporal Distortion, Slouch


You were in a Gauntlet.
You worshipped Cheibriados.
Cheibriados was greatly pleased with you.
You visited 2 branches of the dungeon, and saw 16 of its levels.
You also visited: Gauntlet.

You collected 1455 gold pieces.

Inventory:

Hand Weapons
 a - a +0 dagger
Missiles
 f - 11 poisoned darts (quivered)
 j - 9 boomerangs
 D - 2 large rocks
Armour
 b - a +0 robe
 c - a +1 hat
 p - a +0 cloak
 w - the +3 hat of Ehoestrikhli (worn) {*Drain rPois rF++ rN+}
   (You found it in a Gauntlet)

   It greatly protects you from fire.
   It protects you from poison.
   It protects you from negative energy.
   It causes draining when unequipped.
 y - a +2 tower shield of protection (worn)
 B - +0 steam dragon scales (worn)
 C - a +0 troll leather armour
Jewellery
 g - the ring of Emmyu (left claw) {rElec rC+ Will- Dex+5}
   (You acquired it on level 15 of the Dungeon)

   [ring of protection from cold]

   It affects your dexterity (+5).
   It protects you from cold.
   It insulates you from electricity.
   It affects your willpower, your defense against some magical effects.
 i - a cursed amulet of magic regeneration (around neck)
 m - an uncursed ring of magical power
 s - a +6 ring of strength (right claw)
Wands
 t - a wand of flame (10)
Scrolls
 d - 2 scrolls of fog
 h - a scroll of remove curse {@r2}
 k - a scroll of random uselessness
 n - a scroll of magic mapping {@r5}
 r - a scroll of noise
 u - a scroll of brand weapon
 v - a scroll of enchant weapon
 x - a scroll of immolation
 A - a scroll of blinking {@r4}
Potions
 e - 3 potions of attraction
 l - 3 potions of flight
 q - a potion of cancellation


   Skills:
 * Level 6.9 Fighting
 - Level 1.5 Dodging
 - Level 1.0 Stealth
 - Level 8.2 Shields
 - Level 10.0 Unarmed Combat
 + Level 3.1 Spellcasting
 - Level 0.6 Conjurations
 - Level 0.6 Summonings
 + Level 3.3 Translocations
 - Level 1.4 Transmutations
 + Level 1.2 Invocations
 - Level 2.0 Evocations


You had 9 spell levels left.
You knew the following spells:

 Your Spells              Type           Power        Failure   Level
a - Magic Dart            Conj           24%          36%         1
b - Blink                 Tloc           N/A          19%         2
c - Passwall              Tmut/Erth      5%           47%         2
d - Wereblood             Tmut           10%          36%         2

Your spell library contained the following spells:

 Spells                   Type           Power        Failure   Level
 Beastly Appendage        Tmut           20%          26%         1
 Gell's Gravitas          Tloc           9%           36%         3
 Corona                   Hex            3%           43%         1
 Sandblast                Erth           6%           43%         1
 Call Imp                 Summ           6%           50%         2
 Corpse Rot               Necr/Air       N/A          58%         2
 Slow                     Hex            3%           58%         2
 Portal Projectile        Hex/Tloc       22%          58%         3
 Spider Form              Tmut/Pois      3%           71%         3
 Conjure Flame            Conj/Fire      4%           78%         3
 Dazzling Flash           Conj/Hex       8%           78%         3
 Static Discharge         Conj/Air       4%           78%         3
 Stone Arrow              Conj/Erth      8%           78%         3
 Mephitic Cloud           Conj/Pois/Air  4%           80%         3
 Confusing Touch          Hex            3%           82%         3
 Ice Form                 Ice/Tmut       6%           98%         4
 Petrify                  Tmut/Erth      6%           98%         4
 Blade Hands              Tmut           5%           100%        5
 Lee's Rapid Deconstruct  Erth           1%           100%        5
 Metabolic Englaciation   Hex/Ice        1%           100%        5
 Yara's Violent Unravell  Hex/Tmut       3%           100%        5


Dungeon Overview and Level Annotations

Branches:
Dungeon (15/15)            Temple (1/1) D:7            Lair (0/6) D:8
    Orc (0/2) D:11         Depths (0/5) D:15        Gauntlet (1/1)
 Vaults: D:13-14

Altars:
Cheibriados
Dithmenos
Elyvilon
Kikubaaqudgha
Nemelex Xobeh
Zin
The Shining One

Annotations:
D:8 1 exclusion Gauntlet 6 transporters, exclusion: orange crystal statue


Innate Abilities, Weirdness & Mutations

You are too large for most types of armour.
You have claws for hands.
Your natural rate of healing is unusually fast.
You are covered in fur. (AC +1)
You have extremely tough skin. (AC +3)
You have sharp toenails.
You are strong-willed. (Will+)


Message History

You barely miss the minotaur.
The minotaur furiously retaliates!
The minotaur headbutts you!
You claw the minotaur.
The minotaur hits you but does no damage.
You block the minotaur's attack.
You scratch the minotaur.
You claw the minotaur, but do no damage.
The minotaur hits you with a +3 hand axe of freezing!
The minotaur freezes you. You block the minotaur's attack.
You claw the minotaur! x2
The minotaur hits you but does no damage.
You block the minotaur's attack.
You claw the minotaur!
You claw the minotaur, but do no damage.
The minotaur hits you with a +3 hand axe of freezing!!
* * * LOW HITPOINT WARNING * * *
The minotaur gores you but does no damage.
You scratch the minotaur but do no damage.
You claw the minotaur, but do no damage.
The minotaur hits you with a +3 hand axe of freezing!!
You die...

## ### #[#. #.8.##....#
..#.≈ #......##.#
.©#.###.8.##.##.. #
.$#..##...##....# ##..#
#|#...#.8....##.##....#
..#.∩.#...##.##....#
###...#.©.##....######
....8.#......##.@H..∩#
###...#.©.##.##.######
..#.∩.#...##....#
.##...#.8....##.#
###..##...##.##...
.©#.###.8.##....##.
.##.≈##......##.#
###.≈≈#.8.##.##..
..#.≈##...#


You could see a minotaur.

Vanquished Creatures
  A hydra (D:12)
  A hell hog (Gauntlet)
  2 two-headed ogres
  A fire crab (Gauntlet)
  A cyclops (D:13)
  An eye of devastation (Gauntlet)
  A centaur zombie (D:12)
  A gargoyle (D:9)
  A centaur skeleton (D:15)
  A troll (D:11)
  6 fire bats (Gauntlet)
  A steam dragon (D:10)
  A golden eye (Gauntlet)
  3 vampire mosquitoes (D:15)
  An acid dragon (D:15)
  3 water moccasins
  A floating eye (Gauntlet)
  2 hell hounds (Gauntlet)
  A sky beast (D:7)
  2 ice beasts
  A black bear (D:13)
  5 ogres
  3 centaurs
  3 phantoms
  A big kobold (D:9)
  5 bullfrogs
  A gnoll sergeant (D:10)
  4 killer bees
  2 electric eels (D:6)
  A howler monkey (D:12)
  2 bullfrog zombies (D:9)
  A jelly (D:7)
  4 orc priests
  4 hounds
  2 iguanas
  Jessica (D:3)
  5 worker ants
  5 orc wizards
  5 gnolls (D:10)
  4 adders
  3 shadow imps
  2 oozes
  An adder zombie (D:9)
  A worm (D:3)
  3 leopard geckos
  22 orcs
  3 giant cockroaches
  3 goblins
  A hobgoblin (D:1)
  3 jackals (D:7)
  3 quokkas
  A ball python (D:7)
  A ball python zombie (D:6)
  2 bats (D:3)
  2 frilled lizards (D:1)
  7 kobolds
  A quokka skeleton (D:9)
  5 rats
155 creatures vanquished.

Vanquished Creatures (others)
  47 fungi (D:8)
  36 plants
  9 withered plants (D:15)
92 creatures vanquished.

Grand Total: 247 creatures vanquished

Notes
Turn   | Place    | Note
-------+----------+-------------------------------------------
     0 | D:1      | iamserjio the Troll Hedge Wizard began the quest for the
                  | Orb.
     0 | D:1      | Reached XP level 1. HP: 16/16 MP: 2/2
   123 | D:1      | Reached skill level 1 in Unarmed Combat
   136 | D:1      | Reached XP level 2. HP: 17/26 MP: 4/4
   282 | D:3      | Reached skill level 1 in Fighting
   282 | D:3      | Reached skill level 2 in Unarmed Combat
   335 | D:5      | Entered Level 5 of the Dungeon
   375 | D:4      | Noticed a phantom
   378 | D:4      | Reached XP level 3. HP: 31/33 MP: 5/5
   386 | D:4      | Killed a phantom
   387 | D:4      | Reached skill level 3 in Unarmed Combat
   387 | D:4      | Reached XP level 4. HP: 41/42 MP: 6/6
   391 | D:4      | Noticed an ogre
   393 | D:4      | Killed an ogre
   394 | D:4      | Reached skill level 4 in Unarmed Combat
   394 | D:4      | Reached XP level 5. HP: 49/49 MP: 7/7
   530 | D:4      | Noticed an ogre
   537 | D:4      | Killed an ogre
   538 | D:4      | Reached XP level 6. HP: 59/59 MP: 8/8
   545 | D:3      | Noticed Jessica
   550 | D:3      | Killed Jessica
   624 | D:5      | You fall into a shaft and drop 3 floors!
   628 | D:8      | Learned a level 2 spell: Blink
   647 | D:8      | Noticed a water moccasin
   656 | D:7      | Noticed an ice beast
   665 | D:7      | Killed an ice beast
   666 | D:7      | Reached skill level 5 in Unarmed Combat
   698 | D:7      | Noticed a sky beast
   722 | D:7      | Killed a sky beast
   790 | D:7      | Reached skill level 6 in Unarmed Combat
   790 | D:7      | Reached XP level 7. HP: 64/67 MP: 9/9
   838 | D:7      | Found a staircase to the Ecumenical Temple.
   860 | Temple   | Entered the Ecumenical Temple
   876 | Temple   | Became a worshipper of Cheibriados the Contemplative
  1079 | D:6      | Found a transporter.
  1079 | D:6      | Found a transporter.
  1180 | D:5      | Reached skill level 7 in Unarmed Combat
  1406 | D:8      | Found a staircase to the Lair.
  1406 | D:8      | Noticed a komodo dragon
  1406 | D:8      | Noticed a yak
  1406 | D:8      | Noticed a yak
  1406 | D:8      | Noticed a yak
  1432 | D:8      | Reached XP level 8. HP: 30/78 MP: 10/10
  1442 | D:8      | Reached skill level 8 in Unarmed Combat
  1444 | D:8      | Reached * piety under Cheibriados
  1469 | D:8      | Learned a level 2 spell: Passwall
  1472 | D:8      | Learned a level 2 spell: Wereblood
  1554 | D:10     | Entered Level 10 of the Dungeon
  1554 | D:10     | Noticed a two-headed ogre
  1563 | D:9      | Killed a two-headed ogre
  1564 | D:9      | Reached skill level 5 in Fighting
  1564 | D:9      | Reached skill level 9 in Unarmed Combat
  1564 | D:9      | Reached skill level 1 in Evocations
  1564 | D:9      | Reached XP level 9. HP: 26/88 MP: 11/11
  1622 | D:9      | Noticed a gargoyle
  1633 | D:9      | Killed a gargoyle
  1693 | D:10     | HP: 4/89 [poisoned by a killer bee]
  1697 | D:10     | Reached skill level 10 in Unarmed Combat
  1699 | D:10     | HP: 3/89 [poisoned by a killer bee]
  1704 | D:10     | HP: 3/89 [poisoned by a killer bee]
  1709 | D:10     | HP: 3/89 [poisoned by a killer bee]
  1899 | D:9      | Reached skill level 1 in Translocations
  1916 | D:9      | Reached ** piety under Cheibriados
  1932 | D:9      | Reached skill level 1 in Transmutations
  2085 | D:10     | Reached skill level 1 in Shields
  2086 | D:10     | Reached *** piety under Cheibriados
  2178 | D:11     | Noticed a troll
  2190 | D:11     | Killed a troll
  2191 | D:11     | Reached XP level 10. HP: 50/100 MP: 12/12
  2347 | D:11     | Found a staircase to the Orcish Mines.
  2442 | D:12     | Noticed a four-headed hydra
  2446 | D:12     | Killed a five-headed hydra
  2478 | D:12     | Reached skill level 5 in Shields
  2529 | D:13     | Noticed a cyclops
  2542 | D:13     | Killed a cyclops
  2554 | D:13     | Noticed a two-headed ogre
  2566 | D:13     | Killed a two-headed ogre
  2618 | D:15     | Entered Level 15 of the Dungeon
  2618 | D:15     | Noticed a skeletal warrior
  2618 | D:15     | Noticed a necromancer
  2619 | D:15     | Noticed a vampire mage
  2622 | D:15     | Noticed a white ugly thing
  2622 | D:15     | Noticed a white ugly thing
  2622 | D:15     | Noticed a white ugly thing
  2626 | D:15     | Identified 3 scrolls of acquirement
  2626 | D:15     | Acquired 417 gold pieces
  2633 | D:15     | Found a staircase to the Depths.
  2640 | D:15     | Reached **** piety under Cheibriados
  2644 | D:15     | Acquired the ring of Emmyu {rElec rC+ Will- Dex+5}
  2645 | D:15     | Acquired 1062 gold pieces
  2725 | D:15     | Noticed a centaur warrior
  2742 | D:15     | Found a gate leading to a gauntlet.
  2751 | Gauntlet | Entered a Gauntlet
  2751 | Gauntlet | Found a transporter.
  2751 | Gauntlet | Found a transporter.
  2751 | Gauntlet | Noticed an eye of devastation
  2751 | Gauntlet | Noticed a fire crab
  2753 | Gauntlet | Found a transporter.
  2753 | Gauntlet | Found a transporter.
  2777 | Gauntlet | Found a transporter.
  2784 | Gauntlet | Killed an eye of devastation
  2822 | Gauntlet | Noticed a sixfirhy
  2825 | Gauntlet | Found a transporter.
  2825 | Gauntlet | Noticed a fire crab
  2833 | Gauntlet | Found a transporter.
  2834 | Gauntlet | Found a transporter.
  2834 | Gauntlet | Found a transporter.
  2835 | Gauntlet | Found a transporter.
  2836 | Gauntlet | Noticed an orange crystal statue
  2878 | Gauntlet | Reached XP level 11. HP: 45/107 MP: 11/13
  2879 | Gauntlet | Killed a fire crab
  2891 | Gauntlet | Noticed a hell hog
  2893 | Gauntlet | Identified the Collected Works on Gliding Curses
  2902 | Gauntlet | Found a transporter.
  2903 | Gauntlet | Found a transporter.
  2970 | Gauntlet | Killed a hell hog
  2973 | Gauntlet | Reached skill level 1 in Invocations
  2993 | Gauntlet | Got a polished hat
  3006 | Gauntlet | Identified the +3 hat of Ehoestrikhli {*Drain rPois rF++
                  | rN+} (You found it in a Gauntlet)
  3035 | Gauntlet | Noticed a minotaur
  3045 | Gauntlet | Gained mutation: You are strong-willed. (Will+) [potion of
                  | mutation]
  3045 | Gauntlet | Gained mutation: You have sharp toenails. [potion of
                  | mutation]
  3054 | Gauntlet | Demolished by a minotaur

Illustrated notes

Levels and vault maps discovered:
D:1:      lightli_arrival_maybe_door_vault, layout_loops_cross, minivault_26,
          chequers_decorated_corner
D:2:      layout_loops_ring, overflow_temple_1_default
D:3:      layout_basic, nicolae_overflow_hidden_temple,
          nicolae_ru_path_of_blood, tgw_trog, uniq_jessica
D:4:      layout_basic, hangedman_abyss_or_decor_slice
D:5:      kennysheep_six_static_rooms, layout_gridville, gup_sewer_entry_spiral,
          hangedman_decor_peaks_small, guppyfry_shop_venom
D:6:      gammafunk_steamed_eel, layout_rooms, minmay_overflow_temple_hex,
          serial_shops, shop_statue, uniq_crazy_yiuf_cottage, uniq_grinder
D:7:      layout_cave_pods, minmay_temple_entry_glass, trog_three_pillars_becter
D:8:      layout_basic, due_lair_maze_entry_diamond
D:9:      layout_rooms, special_room [special_room_orc],
          minmay_fractal_squares_diagonal_5
D:10:     layout_basic
D:11:     layout_stronghold, david_orc_2, minivault_24
D:12:     layout_long_grid, special_room [special_room_orc], serial_shops, shop
D:13:     layout_loops_corners, hangedman_vaults_entry_quadrant_bands
D:14:     layout_loops_ring, enter_trove_6, kennysheep_minor_cross, special_room
          [special_room_orc], eino_small_chamber_without_monster, uniq_roxanne
D:15:     gammafunk_depths_entry_grave, layout_irregular_city,
          gammafunk_ghost_ooze, gauntlet_entry_generic,
          nemelex_xobeh_ov_fountains_minmay, chequers_arboretum,
          minmay_misc_feat_encased, lemuel_oklob_altar, uniq_jorgrun
Temple:   dshaligram_water_room_temple
Gauntlet: minmay_gauntlet_77_indecision [minmay_gauntlet_arena_77_broken_ladder,
          minmay_gauntlet_arena_77_mess, minmay_gauntlet_arena_77_block_sizes,
          minmay_gauntlet_arena_77_box, minmay_gauntlet_arena_77_tiled_triplets,
          minmay_gauntlet_arena_77_mirror, gauntlet_exit_green]

Skill      XL: |  1  2  3  4  5  6  7  8  9 10 11 |
---------------+----------------------------------+-----
Unarmed Combat | 1 2 3 4 6 7 9 10 | 10.0
Fighting       | 1 2 3 4 5 6 |  6.9
Evocations     | 1 2 |  2.0
Translocations | 1 2 3 |  3.3
Transmutations | 1 |  1.4
Shields        | 3 8 |  8.2
Spellcasting   | 3 |  3.1
Invocations    | 1 |  1.2
Dodging        | |  1.5
Stealth        | |  1.0
Conjurations   | |  0.6
Summonings     | |  0.6

Action                   |  1- 3 |  4- 6 |  7- 9 | 10-12 || total
-------------------------+-------+-------+-------+-------++-------
Melee: Unarmed           |    58 |    47 |   259 |   164 ||   528
       Punch             |     1 |       |     5 |       ||     6
       Kick              |       |       |       |     9 ||     9
Throw: Boomerang         |       |       |     5 |       ||     5
       Dart              |       |       |     3 |     4 ||     7
       Throwing net      |       |       |       |     1 ||     1
Evoke: Wand              |       |     6 |    24 |     9 ||    39
  Use: Scroll            |     2 |     3 |     6 |    13 ||    24
       Potion            |       |       |       |     4 ||     4
 Stab: Sleeping          |     1 |       |     2 |       ||     3
       Held in net/web   |       |       |       |     2 ||     2
Armor: Robe              |    20 |    16 |    82 |       ||   118
       Steam dragon scal |       |       |     6 |    58 ||    64
Dodge: Dodged            |    27 |    25 |   114 |    33 ||   199
Block: Tower shield      |       |       |    59 |   202 ||   261

Table legend: (Time is in decaauts)
 A = Elapsed time spent in this place.
 B = Non-inter-level travel time spent in this place.
 C = Inter-level travel time spent in this place.
 D = Time resting spent in this place.
 E = Time spent auto-exploring this place.
 F = Levels seen in this place.
 G = Mean time per level.
                   A        B        C        D        E       F      G
               +--------+--------+--------+--------+--------+-----+--------+
         Total |   3772 |   3367 |    405 |      0 |      0 |  17 |  221.9 |
       Dungeon |   3297 |   2912 |    385 |      0 |      0 |  15 |  219.8 |
        Temple |     36 |     17 |     19 |      0 |      0 |   1 |   36.0 |
      Gauntlet |    438 |    438 |      0 |      0 |      0 |   1 |  438.0 |
               +--------+--------+--------+--------+--------+-----+--------+

Top non-repeatable levels by time:
    D:10: 521 daAuts
     D:7: 488 daAuts
Gauntlet: 438 daAuts
     D:9: 398 daAuts
    D:11: 313 daAuts
     D:6: 201 daAuts
     D:8: 191 daAuts
    D:15: 190 daAuts
     D:4: 185 daAuts
     D:1: 172 daAuts
     D:3: 165 daAuts
     D:5: 159 daAuts
    D:12: 147 daAuts
    D:13: 99 daAuts
  Temple: 36 daAuts
